 Dungeon Crawl Stone Soup version 0.29.1-2-gbd0b4ee654 (webtiles) character file.

Game seed: 16372991676861888036

88 zeram the Sneak (level 4, 0/27 HPs)
             Began as a Kobold Brigand on Nov 23, 2022.
             Slain by an ufetubus (1 damage)
             ... on level 3 of the Dungeon.
             The game lasted 00:01:55 (2027 turns).

zeram the Sneak (Kobold Brigand)                    Turns: 2027, Time: 00:01:55

Health: 0/27       AC:  3    Str:  8    XL:     4   Next: 82%
Magic:  11/13      EV: 14    Int: 14    God:
Gold:   144        SH:  0    Dex: 16    Spells: 1/3 levels left

rFire   + . .      SeeInvis .   a - +2 dagger
rCold   + . .      Faith    .   (no shield)
rNeg    . . .      Spirit   .   b - +0 robe
rPois   +          Reflect  .   (no helmet)
rElec   +          Harm     .   c - +0 cloak
rCorr   +          Rampage  .   (no gloves)
Will    .....                   (no boots)
Stlth   +++++.....              (no amulet)
HPRegen 0.09/turn               g - ring of magical power
MPRegen 0.13/turn               (no ring)

@: resistant, very slightly contaminated
A: small, no large weapons, nightstalker 3, deterioration 1, subdued magic 1
a: no special abilities


You were on level 3 of the Dungeon.
You visited 1 branch of the dungeon, and saw 3 of its levels.

You collected 144 gold pieces.

Inventory:

Hand Weapons
 a - a +2 dagger (weapon)
Missiles
 d - 15 poisoned darts (quivered)
 e - 3 curare-tipped darts
Armour
 b - a +0 robe (worn)
 c - a +0 cloak (worn)
Jewellery
 g - a ring of magical power (left hand)
 o - a ring of flight
Scrolls
 j - a scroll of enchant weapon {unknown}
 k - a scroll of vulnerability {unknown}
 m - 2 scrolls of identify {unknown}
 n - a scroll of amnesia {unknown}
 p - a scroll of teleportation {unknown}
Potions
 i - a potion of haste {unknown}
 l - a potion of curing {unknown}
 q - a potion of magic {unknown}


   Skills:
 + Level 2.4 Fighting
 + Level 3.1 Short Blades
 - Level 2.2 Throwing
 + Level 1.4 Dodging
 + Level 7.3 Stealth
 * Level 0.4 Spellcasting
 * Level 0.6 Translocations


You had one spell level left.
You knew the following spells:

 Your Spells              Type           Power      Damage    Failure   Level
a - Blink                 Tloc           2%         N/A       28%         2

Your spell library contained the following spells:

 Spells                   Type           Power      Damage    Failure   Level
 Gell's Gravitas          Tloc           1%         N/A       50%         3
 Lesser Beckoning         Tloc           1%         N/A       50%         3
 Teleport Other           Tloc           1%         N/A       50%         3
 Iskenderun's Mystic Bla  Conj/Tloc      0%         2d3       92%         4
 Fulminant Prism          Conj/Hex       0%         3d6       94%         4
 Manifold Assault         Tloc           1%         N/A       99%         5
 Lee's Rapid Deconstruct  Erth           0%         3d5*      100%        5


Dungeon Overview and Level Annotations

Branches:
Dungeon (3/15)

Altars:


Innate Abilities, Weirdness & Mutations

You are small and have problems with some larger weapons.
You are completely attuned to the shadows.
Your body sometimes deteriorates upon taking damage.
Your spells are a little easier to cast, but a little less powerful.


Message History

The ufetubus hits you. x2
You hit the ufetubus but do no damage. The ufetubus hits you.
The ufetubus barely misses you. x3
You are too injured to fight recklessly!
You are too injured to fight recklessly!
You are too injured to fight recklessly!
You are too injured to fight recklessly!
You miss the ufetubus. The ufetubus barely misses you. x2
You barely miss the ufetubus. The ufetubus hits you.
The ufetubus hits you but does no damage.
You closely miss the ufetubus. The ufetubus closely misses you. x2
You hit the ufetubus but do no damage. The ufetubus misses you.
The ufetubus barely misses you. The ufetubus hits you.
The ufetubus closely misses you.
You miss the ufetubus. The ufetubus misses you. The ufetubus hits you.
* * * LOW HITPOINT WARNING * * *
You barely miss the ufetubus.
The ufetubus hits you but does no damage. x2
You hit the ufetubus but do no damage. The ufetubus misses you.
The ufetubus closely misses you.
It was a potion of mutation.
You feel extremely strange.
Your connection to magic feels subdued.
You feel yourself wasting away. The ufetubus barely misses you.
The ufetubus closely misses you. The ufetubus hits you.
* * * LOW HITPOINT WARNING * * *
The ufetubus barely misses you.
It was a potion of resistance.
You feel protected. The ufetubus hits you.
* * * LOW HITPOINT WARNING * * *
The ufetubus closely misses you.
Sorry, you're not good enough to have a special ability.
Casting: Blink (quite dangerous; 28% risk of failure)
Confirm with . or Enter, or press ? or * to list all spells.
The spell is quite dangerous to miscast (28% risk of failure)!
Continue anyway?
You miscast Blink.
You are very lightly contaminated with residual magic.
Nothing appears to happen.
The ufetubus closely misses you. The ufetubus misses you.
The ufetubus hits you.
You die...

.# ............. ###..### .#
............. ........# .#
........... ###≈###.### .# .#≈
#...# .# .......## .#≈ .###.#
.# #........ .....# .####
#.#......## .# .###.# .##<#
#.#..5..... .#≈ #...#
.##.#######.#...@).#
##~###.###
.........##.##.##### .......#
....<..#.##.##.# ####.###
.#####.......#.##########..###
.# ###.##..................#
.# #.##.##.....#########.# #.
#.##.##..##.# #.#
#.##.##..##.# #.#
...#.##..##.# #.#


You could see an ufetubus.

Vanquished Creatures
  Jessica (D:2)
  2 adders (D:3)
  5 orcs (D:3)
  4 ball pythons
  4 endoplasms
  A giant cockroach (D:2)
  4 goblins
  2 hobgoblins (D:1)
  2 jackals (D:1)
  8 kobolds
  2 bats
  2 frilled lizards
  3 rats
40 creatures vanquished.

Notes
Turn   | Place    | Note
-------+----------+-------------------------------------------
     0 | D:1      | zeram the Kobold Brigand began the quest for the Orb.
     0 | D:1      | Reached XP level 1. HP: 12/12 MP: 1/1
   159 | D:1      | Reached XP level 2. HP: 17/17 MP: 2/2
   188 | D:1      | Reached skill level 6 in Stealth
   976 | D:2      | Reached XP level 3. HP: 22/22 MP: 3/3
  1037 | D:2      | Noticed Jessica
  1041 | D:2      | Killed Jessica
  1104 | D:2      | Reached skill level 7 in Stealth
  1104 | D:2      | Reached XP level 4. HP: 27/27 MP: 4/4
  1110 | D:2      | Learned a level 2 spell: Blink
  2025 | D:3      | Gained mutation: Your spells are a little easier to cast,
                  | but a little less powerful. [potion of mutation]
  2025 | D:3      | Gained mutation: Your body sometimes deteriorates upon
                  | taking damage. [potion of mutation]
  2026 | D:3      | HP: 1/27 [ufetubus (3)]
  2027 | D:3      | Slain by an ufetubus

Illustrated notes

Levels and vault maps discovered:
D:1:      ncdulo_smallfort, layout_loops_ring
D:2:      layout_basic, uniq_jessica
D:3:      minmay_goblin_kobold_castle, layout_basic, serial_shops,
          nicolae_shop_waterfront, grunt_decor_cap, kennysheep_generic_room_12

Skill      XL: |  1  2  3  4 |
---------------+-------------+-----
Stealth        | 6 7 |  7.3
Short Blades   | 3 |  3.1
Fighting       | |  2.4
Throwing       | |  2.2
Dodging        | |  1.4
Spellcasting   | |  0.4
Translocations | |  0.6

Action                   |  1- 3 |  4- 6 || total
-------------------------+-------+-------++-------
Melee: Dagger            |    28 |    50 ||    78
       Punch             |       |     1 ||     1
  Use: Scroll            |     1 |       ||     1
       Potion            |       |     2 ||     2
 Stab: Sleeping          |    15 |     8 ||    23
Armor: Robe              |     2 |     9 ||    11
Dodge: Dodged            |    13 |    43 ||    56
